Map: [EWC] Oceanborn

Players

ShoWTimE

  • Race: Protoss Protoss
  • Spawn Location: 5:00

GuMiho - Winner!

  • Race: Terran Terran
  • Spawn Location: 11:00

Event: Esports World Cup 2024

VOD

Have the link to the VOD?

Description

Time

  • Played on: Aug. 17, 2024, 8:14 a.m.
  • Length: 9:44

All games in this series

Show
View Real Time Build Order
Export as new Build Order

ShoWTimE Protoss 

Build Orders: 1 Gate Expand, Blink Stalkers 

Get SALT Encoding   

  12  0:00  Probe  
  13  0:12  Probe  
  14  0:17  Pylon  
  14  0:24  Probe  
  15  0:35  Gateway  
  15  0:36  Probe (Chrono Boost)  
  16  0:46  Assimilator, Probe (Chrono Boost)  
  17  0:51  Probe (Chrono Boost)  
  18  1:03  Probe  
  19  1:15  Probe  
  20  1:21  Cybernetics Core  
  20  1:31  Nexus  
  20  1:37  Probe  
  21  1:40  Pylon  
  21  1:48  Assimilator  
  21  1:49  Probe  
  22  1:55  Adept (Chrono Boost)  
  25  2:01  Probe  
  25  2:03  Warp Gate  
  25  2:13  Probe  
  26  2:16  Adept (Chrono Boost)  
  28  2:25  Probe  
  28  2:28  Twilight Council  
  29  2:40  Probe (Chrono Boost)  
  29  2:42  Stalker  
  29  2:43  Probe (Chrono Boost)  
  34  2:53  Probe (Chrono Boost)  
  34  2:54  Probe (Chrono Boost)  
  35  2:58  Probe (Chrono Boost)  
  35  3:00  Blink (Chrono Boost)  
  35  3:01  Gateway, Probe  
  37  3:10  Probe  
  38  3:14  Probe  
  39  3:22  Robotics Facility, Probe  
  39  3:26  Probe  
  41  3:31  Gateway  
  41  3:34  Pylon, Probe  
  41  3:38  Probe  
  43  3:46  Probe  
  43  3:47  Assimilator  
  44  3:50  Probe  
  44  3:52  Stalker  
  44  3:54  Stalker  
  49  3:57  Shield Battery  
  49  3:58  Probe  
  49  4:00  Pylon  
  49  4:02  Probe  
  51  4:07  Warp Prism (Chrono Boost)  
  53  4:18  Stalker, Pylon  
  53  4:20  Stalker  
  55  4:36  Stalker  
  57  4:39  Observer  
  57  4:41  Stalker  
  57  4:44  Stalker  
  62  4:48  Pylon  
  62  4:53  Pylon  
  62  4:58  Nexus  
  62  5:06  Observer  
  62  5:07  Stalker x2  
  65  5:11  Stalker  
  65  5:12  Probe x2  
  67  5:31  Stalker x2  
  67  5:32  Probe  
  67  5:33  Probe  
  67  5:35  Stalker  
  67  5:44  Probe  
  67  5:45  Probe  
  67  5:54  Stalker x2  
  67  5:56  Probe  
  72  5:57  Probe  
  73  6:05  Stalker  
  73  6:08  Probe (Chrono Boost)  
  73  6:10  Probe (Chrono Boost)  
  75  6:14  Probe (Chrono Boost)  
  74  6:20  Robotics Bay, Probe (Chrono Boost)  
  74  6:21  Stalker  
  74  6:22  Forge, Probe (Chrono Boost)  
  79  6:25  Probe (Chrono Boost)  
  79  6:27  Probe (Chrono Boost)  
  79  6:28  Probe (Chrono Boost)  
  79  6:30  Probe (Chrono Boost)  
  79  6:31  Gateway  
  82  6:33  Gateway  
  82  6:34  Probe  
  82  6:35  Charge  
  82  6:36  Probe  
  84  6:41  Probe  
  84  6:44  Shield Battery  
  84  6:46  Assimilator, Probe  
  85  6:48  Probe  
  85  6:50  Gateway  
  85  6:51  Gateway  
  85  6:53  Probe  
  87  6:56  Gateway  
  87  6:58  Pylon  
  87  7:02  Zealot x2, Sentry  
  87  7:08  Pylon  
  93  7:10  Pylon  
  93  7:14  Colossus (Chrono Boost)  
  93  7:16  Shield Battery  
  93  7:19  Pylon  
  99  7:27  Stalker x2  
  99  7:28  Probe  
  95  7:33  Probe  
  96  7:41  Zealot x3  
  102  7:48  Probe  
  102  7:50  Probe x2  
  105  7:55  Gateway  
  105  7:57  Pylon  
  105  8:03  Colossus (Chrono Boost)  
  102  8:07  Zealot x2  
  102  8:10  Zealot  
  113  8:19  Sentry  
  111  8:20  Zealot x3  
  111  8:23  Zealot  
  119  8:30  Pylon  
  119  8:32  Zealot  
  121  8:36  Zealot x2  
  125  8:43  Zealot x2  
  125  8:47  Colossus (Chrono Boost)  
  133  8:56  Zealot  
  133  8:57  Zealot x2  
  133  8:59  Zealot  
  133  9:02  Zealot  
  98  9:05  Zealot  
  74  9:12  Zealot x2  
  74  9:13  Zealot  
  76  9:18  Zealot x2  
  76  9:22  Zealot  
  76  9:34  Zealot x2  
Show
View Real Time Build Order
Export as new Build Order

GuMiho Terran - Winner!

Build Orders: Cyclone Opening 

Get SALT Encoding   

  12  0:00  SCV  
  13  0:12  SCV  
  14  0:17  Supply Depot  
  14  0:24  SCV  
  15  0:39  SCV  
  15  0:41  Barracks  
  15  0:42  Refinery  
  16  0:51  SCV  
  17  1:03  SCV  
  18  1:15  SCV  
  19  1:27  Orbital Command, Marine  
  20  1:38  Command Center  
  20  1:48  Factory  
  20  1:53  SCV  
  21  1:57  Refinery  
  21  2:02  Barracks Reactor  
  21  2:05  SCV  
  22  2:09  Supply Depot  
  22  2:17  SCV  
  23  2:31  SCV  
  23  2:33  Starport  
  24  2:39  Cyclone, Marine x2  
  24  2:43  SCV  
  29  2:49  Orbital Command  
  29  2:55  SCV  
  29  2:57  Marine  
  29  2:58  Marine  
  32  3:07  SCV  
  32  3:10  Medivac  
  32  3:11  Factory Tech Lab  
  32  3:12  Orbital Command  
  35  3:14  Supply Depot  
  35  3:17  Marine  
  35  3:19  Marine  
  37  3:21  SCV  
  38  3:33  SCV  
  39  3:35  Marine  
  39  3:37  Marine  
  39  3:38  Factory Tech Lab  
  41  3:47  SCV x2  
  43  3:49  Raven  
  43  3:54  Barracks x2  
  45  3:59  SCV x2  
  45  4:00  Supply Depot  
  47  4:03  Siege Tank  
  50  4:11  SCV  
  50  4:12  SCV  
  50  4:13  Refinery  
  50  4:14  Marine x2  
  54  4:26  Engineering Bay  
  52  4:32  Marine x2  
  52  4:37  SCV x2  
  52  4:38  Siege Tank  
  55  4:48  Supply Depot  
  55  4:49  SCV x2  
  55  4:50  Stimpack  
  55  4:51  Supply Depot, Marine x2  
  59  4:52  Marine  
  59  4:54  Marine  
  61  5:03  Supply Depot  
  61  5:04  SCV  
  61  5:06  Terran Infantry Weapons Level 1  
  62  5:10  SCV  
  62  5:11  Siege Tank  
  62  5:13  Marine  
  62  5:14  Marine  
  68  5:15  Marine  
  68  5:17  Marine  
  57  5:31  Marine x2  
  57  5:33  Marine  
  57  5:35  Marine  
  52  5:44  Medivac  
  52  5:49  Marine x2  
  52  5:51  Marine  
  52  5:53  SCV x2, Marine  
  56  6:02  Siege Tank  
  58  6:07  Marine x2  
  58  6:09  Marine  
  58  6:10  Marine  
  58  6:16  SCV x2  
  58  6:25  Marine x2  
  60  6:28  SCV  
  60  6:30  Combat Shield  
  60  6:32  Marine x2  
  60  6:36  Siege Tank  
  64  6:42  SCV x2  
  64  6:43  Marine  
  66  6:48  Marine  
  66  6:54  SCV x2, Marine x2  
  69  6:58  Medivac  
  73  7:02  Terran Infantry Armor Level 1  
  73  7:04  Marine  
  73  7:06  SCV, Marine  
  76  7:09  SCV  
  76  7:12  Marine  
  76  7:13  Supply Depot  
  78  7:16  Siege Tank  
  78  7:20  Marine  
  78  7:22  Marine  
  82  7:29  Marine  
  84  7:35  Marine  
  75  7:38  Marauder  
  75  7:39  SCV  
  75  7:40  SCV, Marine  
  75  7:41  Medivac  
  75  7:43  Supply Depot  
  82  7:47  Marine  
  82  7:49  Siege Tank  
  86  7:53  Marine  
  86  7:58  Marine  
  87  7:59  Marine  
  87  8:05  Marine  
  90  8:11  Marine  
  91  8:16  Marine  
  91  8:17  Marine  
  90  8:22  Marine  
  90  8:25  Siege Tank  
  94  8:28  Marine  
  94  8:34  Marine x2  
  96  8:40  Marine  
  98  8:46  Marine  
  94  8:51  Marine  
  94  8:52  Marine  
  95  8:57  Siege Tank  
  95  8:58  Marine  
  79  9:04  Marine  
  79  9:09  Marine  
  70  9:11  Marauder  
  70  9:16  Marine  
  73  9:22  SCV, Marine  
Tags
 
Add a new tag
Caveats
  • Supply blocks, unpowered buildings, or Contaminate may cause inaccurate times.
  • Supply counts are checked every 10 seconds.